 Dungeon Crawl Stone Soup version 0.31-a0-7-g51783674b7 (webtiles) character file.

Game seed: 12089207302445524697

483 Pimp the Trooper (level 7, -9/44 HPs)
             Began as a Gargoyle Fighter on May 5, 2023.
             Killed from afar by a white imp (13 damage)
             ... with a puff of frost
             ... on level 4 of the Dungeon.
             The game lasted 00:06:44 (3572 turns).

Pimp the Trooper (Gargoyle Fighter)                 Turns: 3572, Time: 00:06:45

Health: -9/44      AC: 14    Str: 19    XL:     7   Next: 12%
Magic:  7/7        EV:  8    Int: 11    God:
Gold:   138        SH: 10    Dex:  9    Spells: 6/6 levels left

rFire   . . .        a - +0 flail
rCold   . . .        f - +2 kite shield
rNeg    + . .        b - +0 scale mail
rPois   ∞            j - +2 hat
rElec   +            (no cloak)
rCorr   .            (no gloves)
SInv    .            (no boots)
Will    .....        (no amulet) Stlth
                     (no ring)
HPRegen 0.27/turn    (no ring)
MPRegen 0.10/turn

%: no passive effects
@: silenced, hasted, very quick
A: sickness immunity, AC +4, negative energy resistance 1, electricity
resistance, torment resistance 1, petrification resistance
a: no special abilities


You were on level 4 of the Dungeon.
You visited 1 branch of the dungeon, and saw 4 of its levels.

You collected 138 gold pieces.

Inventory:

Hand Weapons
 a - a +0 flail (weapon)
Armour
 b - a +0 scale mail (worn)
 c - a +0 buckler
 f - a +2 kite shield (worn)
 j - a +2 hat (worn)
Wands
 d - a wand of charming (7)
Scrolls
 g - 4 scrolls of identify {unknown}


   Skills:
 + Level 5.1 Fighting
 + Level 4.1 Maces & Flails
 + Level 5.1 Armour
 + Level 5.1 Shields


You had 6 spell levels left.
You didn't know any spells.
Your spell library contained the following spells:

 Spells                   Type           Power      Damage    Failure   Level
 Lesser Beckoning         Tloc           0%         N/A       98%         2
 Poisonous Vapours        Pois/Air       0%         N/A       98%         2
 Gell's Gravitas          Tloc           0%         N/A       100%        3
 Mephitic Cloud           Conj/Pois/Air  0%         N/A       100%        3
 Ozocubu's Armour         Ice            0%         N/A       100%        3
 Teleport Other           Tloc           0%         N/A       100%        3
 Freezing Cloud           Conj/Ice/Air   0%         6-21      100%        5
 Ozocubu's Refrigeration  Ice            0%         4d7       100%        7


Dungeon Overview and Level Annotations

Branches:
Dungeon (4/15)
 Temple: D:4-7

Altars:
Cheibriados
Xom

Shops:
D:3 :(

Annotations:
D:4 Pargi


Innate Abilities, Weirdness & Mutations

You are immune to sickness and miasma.
Your stone body is resilient. (AC +4)
You are immune to poison.
You resist negative energy. (rN+)
You are resistant to electric shocks. (rElec)
You are resistant to unholy torment.
You are immune to petrification.


Message History

The centaur kicks you but does no damage.
You hit the centaur.
The centaur is severely wounded.
The centaur hits you but does no damage.
The centaur barely misses you.
You closely miss the centaur.
The centaur is severely wounded.
You block the centaur's attack. The centaur barely misses you.
You hit the centaur but do no damage.
The centaur is severely wounded.
The centaur hits you.
* * * LOW HITPOINT WARNING * * *
The centaur kicks you.
* * * LOW HITPOINT WARNING * * *
The centaur hits you.
* * * LOW HITPOINT WARNING * * *
The centaur kicks you but does no damage.
As you read the scroll labelled SUCOAJU WOAH, it crumbles to dust.
You feel a surge of unholy energy.
The centaur convulses!
The quokka convulses!
It was a scroll of torment.
The centaur hits you but does no damage.
The centaur kicks you but does no damage.
As you read the scroll labelled RYESHRU XOMEFA, it crumbles to dust.
A profound silence engulfs you.
It was a scroll of silence.
The centaur closely misses you. You block the centaur's attack.
You sock the centaur!
You kill the centaur!
You block the quokka's attack.
Your Maces & Flails skill increases to level 4!
Your Armour skill increases to level 5!
Your Shields skill increases to level 5!
You have reached level 7!
You thump the quokka!
You kill the quokka!
The white imp gestures at you. The puff of frost hits you.
* * * LOW HITPOINT WARNING * * *
The white imp gestures at you. The puff of frost hits you!
You die...

*,* *,* #.# #.....## *,* *,*
#.# #.##### ,,* *,* #.# #.#
,,* *,* #.#####.# ,,*****,*
#....##.#******* ,,*,,,,,*
####.##†#,,,,,,* ,,*,,,,,***
#.##.#,****,* ,,+,,,,,,,*
#.##.#,*,,*,*
,**,,.,,#,######@##.#,*,,*,*
,,,,,...#.#.....5##.#,,,,*,*
,,,,,..............>###.#*,**
,,,,,,....#....#...........,*
******#***#....#.######.###**
,<* *#....#.#.#,,,,,,* ***
#..#....#.#,****** *
****#......##.#,*,,*
****,,....#....#.#,*,,*


You could see a white imp (unsilenced).

Vanquished Creatures
  A centaur (D:4)
  A hound (D:4)
  4 orc wizards
  Robin (D:2)
  6 adders
  5 shadow imps
  2 white imps (D:4)
  3 ufetubi (D:4)
  A worm (D:3)
  17 orcs
  6 ball pythons
  3 bats
  2 endoplasms
  2 giant cockroaches
  17 goblins
  10 hobgoblins
  6 jackals
  9 kobolds
  6 quokkas
  5 frilled lizards
  4 rats
111 creatures vanquished.

Vanquished Creatures (others)
  An orc wizard (D:3)
1 creature vanquished.

Grand Total: 112 creatures vanquished

Notes
Turn   | Place    | Note
-------+----------+-------------------------------------------
     0 | D:1      | Pimp the Gargoyle Fighter began the quest for the Orb.
     0 | D:1      | Reached XP level 1. HP: 14/14 MP: 1/1
   145 | D:1      | Reached XP level 2. HP: 19/19 MP: 2/2
   409 | D:1      | Reached XP level 3. HP: 23/23 MP: 3/3
  1307 | D:2      | Noticed Robin
  1320 | D:2      | Reached XP level 4. HP: 20/29 MP: 4/4
  1326 | D:2      | Found a shimmering altar of Xom.
  1347 | D:2      | Killed Robin
  1923 | D:3      | Reached XP level 5. HP: 13/33 MP: 5/5
  2007 | D:3      | Found Womuanul's Book Boutique.
  2577 | D:3      | Found a snail-covered altar of Cheibriados.
  2596 | D:3      | Found Jofaoc's Antique Weapon Shop.
  2896 | D:4      | Reached XP level 6. HP: 27/39 MP: 6/6
  3332 | D:4      | Noticed Pargi
  3558 | D:4      | Reached skill level 5 in Fighting
  3571 | D:4      | Reached skill level 5 in Armour
  3571 | D:4      | Reached skill level 5 in Shields
  3571 | D:4      | Reached XP level 7. HP: 5/44 MP: 7/7
  3572 | D:4      | Killed from afar by a white imp

Illustrated notes

Levels and vault maps discovered:
D:1:      zaba_arrival_water, layout_basic, grunt_decor_fettered
D:2:      layout_loops_corners, basic_altar, uniq_robin
D:3:      layout_basic, general_overflow_altar, serial_shops, shop, shop,
          minmay_cut_off
D:4:      layout_basic, serial_demonic, serial_demonic_a, serial_demonic_c,
          serial_demonic_b, serial_demonic_d, serial_demonic_b,
          serial_demonic_f, serial_demonic_e, kennysheep_cross_room, uniq_pargi,
          uniq_duvessa, uniq_grinder, uniq_sigmund

Skill      XL: |  1  2  3  4  5  6 |
---------------+-------------------+-----
Fighting       | 4 5 |  5.1
Armour         | 4 5 |  5.1
Shields        | 4 5 |  5.1
Maces & Flails | 3 4 |  4.1

Action                     |  1- 3 |  4- 6 |  7- 9 || total
---------------------------+-------+-------+-------++-------
  Melee: Flail             |   130 |   336 |     1 ||   467
    Use: Potion            |       |    10 |       ||    10
         Scroll            |       |     5 |       ||     5
 Armour: Scale mail        |    73 |   287 |       ||   360
  Dodge: Dodged            |    60 |   196 |       ||   256
  Block: Buckler           |    21 |    61 |       ||    82
         Kite shield       |       |    32 |       ||    32

Table legend: (Time is in decaauts)
 A = Elapsed time spent in this place.
 B = Non-inter-level travel time spent in this place.
 C = Inter-level travel time spent in this place.
 D = Time resting spent in this place.
 E = Time spent auto-exploring this place.
 F = Levels seen in this place.
 G = Mean time per level.
                   A        B        C        D        E       F      G
               +--------+--------+--------+--------+--------+-----+--------+
         Total |   3670 |   3575 |     95 |    437 |   2094 |   4 |  917.5 |
       Dungeon |   3670 |   3575 |     95 |    437 |   2094 |   4 |  917.5 |
               +--------+--------+--------+--------+--------+-----+--------+

Top non-repeatable levels by time:
     D:3: 1290 daAuts
     D:2: 1050 daAuts
     D:1: 792 daAuts
     D:4: 537 daAuts
